AoeStats
← ᅚᅚᅚᅚ

MegaRandom

504379263Analyzed
4v4 RM · 27d ago on Sep 5, 2026· 52m 18s· 8 players
Game mode
Random Map
Map size
Large (8 player)
Population
200
Speed
Normal
Resources
Standard
Victory
Conquest
Starting age
Dark Age
Ending age
Imperial Age
RankedLock teamsTeams togetherTeam positionsShared explorationLock speedFull tech treeHidden civsTurbo modeCheats
Victory
Defeat
🇨🇱 Hindustanis · Chile
1247
+14
🇨🇱 Mapuche · Chile
1219
+15
🇨🇦 Lithuanians · Canada
1219
+15
🇲🇽 Gurjaras · Mexico
1203
+16
🇦🇷 Japanese · Argentina
1230
-16
🇺🇸 Franks · United States
1204
-15
🇨🇴 Teutons · Colombia
1203
-15
🇦🇷 Tatars · Argentina
1165
-14
rampage943
10:59 Feudal Age
9:16 Loom
16:04 Castle Age
14:34 Stone Mining
15:11 Double-Bit Axe
24:28 #83
27:32 Wheelbarrow
27:31 Ballistics
30:28 Gold Mining
32:06 Husbandry
34:33 Pikeman
40:02 Imperial Age
37:50 Forging
37:40 Scale Mail Armor
38:22 Squires
38:08 Arson
41:01 Hand Cart
41:25 Iron Casting
40:56 Scale Barding Armor
41:10 Cavalier
44:15 Chain Barding Armor
46:26 Squires
45:47 Halberdier
50:38 Elite Skirmisher
Caballero Cruzado
2:32 Loom
3:01 Loom
3:53 Loom
10:57 Feudal Age
14:33 Castle Age
13:15 Double-Bit Axe
13:52 Horse Collar
15:29 Wheelbarrow
15:58 Bow Saw
20:59 Loom
23:55 Heavy Plow
25:05 Gold Mining
25:05 Stone Mining
27:03 Hand Cart
27:16 Town Watch
31:04 Imperial Age
28:44 Squires
29:20 Pikeman
30:42 Forging
30:33 Scale Mail Armor
32:00 Iron Casting
31:35 Arson
32:19 Halberdier
33:16 Chain Mail Armor
33:44 Crop Rotation
33:51 Crenellations
33:14 Capped Ram
35:53 Blast Furnace
35:47 Stone Shaft Mining
35:37 Town Patrol
36:17 Conscription
36:20 Fletching
37:03 Plate Mail Armor
36:23 Fletching
38:28 Ironclad
LucasViola27
10:37 Feudal Age
11:53 Double-Bit Axe
18:02 Castle Age
16:20 Loom
17:10 Wheelbarrow
18:47 Bloodlines
20:32 Husbandry
21:02 Scale Barding Armor
21:07 Forging
21:55 Bow Saw
23:07 Scale Mail Armor
23:43 Chain Barding Armor
23:59 Iron Casting
25:04 Iron Casting
29:07 Hand Cart
34:31 Imperial Age
32:50 Horse Collar
33:43 Heavy Plow
34:56 Cavalier
35:39 Scale Mail Armor
36:14 Plate Barding Armor
36:40 Blast Furnace
35:16 Heavy Camel Rider
35:21 Pikeman
36:01 Squires
36:09 Halberdier
36:34 Arson
38:30 Conscription
Commander Ricky
1:22 Loom
10:59 Feudal Age
14:52 Castle Age
13:37 Double-Bit Axe
15:17 Fletching
15:27 Padded Archer Armor
16:09 Bow Saw
16:50 Loom
17:43 Bodkin Arrow
19:18 Gold Mining
19:51 Horse Collar
20:51 Bloodlines
21:56 Husbandry
23:58 Town Watch
24:06 Horse Collar
26:13 Wheelbarrow
28:51 Hand Cart
33:30 Imperial Age
31:28 Scale Mail Armor
31:38 Forging
31:36 Pikeman
32:18 Squires
32:09 Arson
33:05 Gambesons
33:32 Man-at-Arms
36:48 Iron Casting
36:28 Chain Mail Armor
36:49 Iron Casting
36:29 Chain Mail Armor
36:27 Halberdier
38:44 Chemistry
38:05 Ballistics
39:42 Two-Man Saw
Nargaburzum
0:46 Loom
11:07 Feudal Age
15:01 Castle Age
13:09 Double-Bit Axe
13:47 Horse Collar
16:41 Bow Saw
17:43 Heavy Plow
18:10 Stone Mining
21:15 Gold Mining
24:50 Wheelbarrow
28:25 Imperial Age
26:54 Bloodlines
27:10 Scale Barding Armor
27:13 Husbandry
28:12 Forging
29:29 Chain Barding Armor
30:47 Plate Barding Armor
30:47 Iron Casting
32:06 Iron Casting
32:44 Elite Shrivamsha Rider
43:21 Heavy Camel Rider
44:28 Conscription
44:33 Frontier Guards
45:14 Siege Elephant
45:19 Heavy Scorpion
46:18 Thumb Ring
45:35 Elite Elephant Archer
46:14 Fletching
46:25 Padded Archer Armor
46:54 Ballistics
47:39 Siege Elephant
50:23 Chemistry
50:06 Crop Rotation
50:13 Gold Shaft Mining
49:37 Bodkin Arrow
50:46 Bracer
Pelantaro
8:32 Feudal Age
9:02 Double-Bit Axe
11:31 Loom
14:56 Wheelbarrow
17:32 Castle Age
18:57 Fletching
28:15 Bow Saw
27:45 Horse Collar
28:28 Bodkin Arrow
34:23 Ballistics
34:37 Padded Archer Armor
34:42 Gold Mining
39:07 Imperial Age
ᅚᅚᅚᅚ
12:21 Feudal Age
13:06 Double-Bit Axe
16:28 Castle Age
14:10 Horse Collar
17:41 Bow Saw
18:16 Wheelbarrow
18:01 Heavy Plow
24:16 Hand Cart
29:34 Imperial Age
27:25 Loom
27:33 Gold Mining
28:39 Ballistics
28:30 Husbandry
28:40 Bloodlines
28:37 Town Watch
29:16 Scale Barding Armor
29:51 Forging
30:19 Gold Shaft Mining
29:57 Fletching
30:28 Chain Barding Armor
29:53 Heavy Camel Rider
32:19 Conscription
32:09 Grand Trunk Road
34:10 Chemistry
33:17 Siege Engineers
33:46 Caravan
34:44 Iron Casting
35:42 Plate Barding Armor
34:58 Imperial Camel Rider
37:39 Blast Furnace
36:34 Bodkin Arrow
39:01 Two-Man Saw
SometimesUnlucky
4:06 Loom
11:04 Feudal Age
14:47 Castle Age
12:49 Double-Bit Axe
12:57 Horse Collar
16:23 Gold Mining
16:50 Bow Saw
22:02 Fervor
23:04 Wheelbarrow
26:44 Scale Barding Armor
28:42 Hand Cart
28:44 Town Watch
31:51 Imperial Age
30:36 Bloodlines
30:26 Husbandry
31:12 Chain Barding Armor
32:05 Fortified Wall
32:18 Town Patrol
32:04 Loom
32:04 Cavalier
33:58 Conscription
34:22 Stone Mining
36:26 Paladin
38:38 Plate Barding Armor
Connection lost

Rejoining the realm…

Still unreachable

The connection could not be restored.

Session expired

The server has moved on; the page needs a fresh start.